 Dungeon Crawl Stone Soup version 0.30-a0-122-g2a1322497e (webtiles) character file.

Game seed: 2660878481724911294

56 MisterAzrael the Chopper (level 3, 0/31 HPs)
             Began as a Hill Orc Fighter on Sept 16, 2022.
             Slain by an orc wizard
             ... wielding a +0 dagger
              (3 damage)
             ... on level 4 of the Dungeon.
             The game lasted 00:01:40 (2663 turns).

MisterAzrael the Chopper (Hill Orc Fighter)         Turns: 2663, Time: 00:01:41

Health: 0/31       AC:  6    Str: 20    XL:     3   Next: 97%
Magic:  3/3        EV: 13    Int:  8    God:
Gold:   155        SH:  0    Dex: 10    Spells: 2/2 levels left

rFire   . . .      SeeInvis .    a - +0 war axe
rCold   . . .      Faith    .    c - +0 buckler
rNeg    . . .      Spirit   .    b - +0 scale mail
rPois   .          Reflect  .    (no helmet)
rElec   .          Harm     .    (no cloak)
rCorr   .          Rampage  .    (no gloves)
Will    .....                    (no boots)
Stlth   ..........               (no amulet)
HPRegen 0.10/turn                k - +4 ring of evasion
MPRegen 0.08/turn                (no ring)

@: confused, mighty
A: no striking features
a: no special abilities


You were on level 4 of the Dungeon.
You visited 1 branch of the dungeon, and saw 4 of its levels.

You collected 155 gold pieces.

Inventory:

Hand Weapons
 a - a +0 war axe (weapon)
Armour
 b - a +0 scale mail (worn)
 c - a +0 buckler (worn)
Jewellery
 k - a +4 ring of evasion (left hand)
 p - a +6 ring of dexterity
Scrolls
 g - 4 scrolls of vulnerability {unknown}
 i - a scroll of teleportation {unknown}
 l - 2 scrolls of identify {unknown}
 m - a scroll of fear {unknown}
 q - a scroll of poison {unknown}
 r - a scroll of magic mapping {unknown}
 s - a scroll of immolation {unknown}
Potions
 d - a potion of might
 e - a potion of curing {unknown}
 f - a potion of lignification {unknown}
 h - a potion of magic {unknown}
 j - a potion of attraction {unknown}
 n - a potion of resistance {unknown}
 o - a potion of berserk rage {unknown}


   Skills:
 - Level 3.6 Fighting
 + Level 5.5 Axes
 - Level 3.2 Armour
 - Level 3.2 Shields


You had 2 spell levels left.
You didn't know any spells.
Your spell library contained the following spells:

 Spells                   Type           Power      Damage    Failure   Level
 Call Canine Familiar     Summ           0%         N/A       99%         3
 Portal Projectile        Hex/Tloc       0%         N/A       99%         3
 Leda's Liquefaction      Hex/Erth       0%         N/A       100%        4


Dungeon Overview and Level Annotations

Branches:
Dungeon (4/15)
 Temple: D:4-7

Altars:


Message History

You barely miss something. You barely miss the orc. The orc barely misses you.
Something hits you. The orc closely misses you.
You hit the orc.
The orc is almost dead.
You closely miss something. You closely miss the orc. Something hits you.
The orc hits you with a +0 mace. x2; The orc completely misses you. x2
Something hits you.
You hit the orc.
You kill the orc!
You barely miss something. You miss the orc.
The orc hits you but does no damage. Something hits you.
You closely miss the orc. You slash something!
You feel less confused. Something hits you but does no damage.
The orc misses you.
You closely miss the orc. You closely miss something.
You hear some strange, mumbled words.
A puff of flame appears from out of thin air!
The puff of flame hits you. The orc misses you. You block the orc's attack.
You hear some strange, mumbled words.
A puff of flame appears from out of thin air!
The puff of flame hits you.
* * * LOW HITPOINT WARNING * * *
You slash the orc!
You kill the orc!
You closely miss something. Something hits you but does no damage.
Something hits you but does no damage.
You see here a +0 mace.
You feel very mighty all of a sudden. Something hits you but does no damage.
You closely miss something.
You hear some strange, mumbled words.
A magic dart appears from out of thin air!
The magic dart hits you.
* * * LOW HITPOINT WARNING * * *
You miss something.
You hear some strange, mumbled words.
You are confused.
Something hits you but does no damage.
You closely miss something. Something hits you.
You die...

#. #. #.
#.##
###..##
#.....####
#...{....+
#..)@)#
#.##.<#
#.....#
#.##### #


There were no monsters in sight!

Vanquished Creatures
  An adder (D:3)
  A dart slug (D:2)
  3 orcs (D:4)
  3 ball pythons
  An endoplasm (D:2)
  3 giant cockroaches
  6 goblins
  4 hobgoblins
  4 jackals (D:1)
  3 kobolds
  A quokka (D:2)
  3 bats
  3 frilled lizards
  3 rats
39 creatures vanquished.

Notes
Turn   | Place    | Note
-------+----------+-------------------------------------------
     0 | D:1      | MisterAzrael the Hill Orc Fighter began the quest for the
                  | Orb.
     0 | D:1      | Reached XP level 1. HP: 19/19 MP: 1/1
    64 | D:1      | Reached skill level 3 in Axes
   204 | D:1      | Reached XP level 2. HP: 26/26 MP: 2/2
   329 | D:1      | Reached skill level 4 in Axes
  1181 | D:2      | Reached XP level 3. HP: 31/31 MP: 3/3
  1185 | D:2      | Found a faded altar of an unknown god.
  2028 | D:3      | Reached skill level 5 in Axes
  2663 | D:4      | Slain by an orc wizard

Illustrated notes

Levels and vault maps discovered:
D:1:      erik_arrival_cave_to_civilisation [erik_arrival_cave_to_hall],
          layout_basic
D:2:      layout_loops_ring, ebering_ecumenical_altar_rust
D:3:      layout_loops_ring
D:4:      layout_loops_corners, uniq_menkaure

Skill      XL: |  1  2  3 |
---------------+----------+-----
Axes           | 3 4 5 |  5.5
Fighting       | |  3.6
Armour         | |  3.2
Shields        | |  3.2

Action                   || total
-------------------------++-------
Melee: War axe           ||   113
  Use: Potion            ||     1
Armor: Scale mail        ||    42
Dodge: Dodged            ||    70
Block: Buckler           ||    20

Table legend: (Time is in decaauts)
 A = Elapsed time spent in this place.
 B = Non-inter-level travel time spent in this place.
 C = Inter-level travel time spent in this place.
 D = Time resting spent in this place.
 E = Time spent auto-exploring this place.
 F = Levels seen in this place.
 G = Mean time per level.
                   A        B        C        D        E       F      G
               +--------+--------+--------+--------+--------+-----+--------+
         Total |   2698 |   2627 |     71 |      0 |   2332 |   4 |  674.5 |
       Dungeon |   2698 |   2627 |     71 |      0 |   2332 |   4 |  674.5 |
               +--------+--------+--------+--------+--------+-----+--------+

Top non-repeatable levels by time:
     D:1: 1165 daAuts
     D:3: 803 daAuts
     D:2: 706 daAuts
     D:4: 22 daAuts
